 Dungeon Crawl Stone Soup version 0.17-a0-1954-g0dddeaa (webtiles) character file.

35 Enroth the Shield-Bearer (level 3, -1/29 HPs)
             Began as a Formicid Fighter on Oct 4, 2015.
             Slain by Ijyb
             ... wielding a +8 club
              (11 damage)
             ... on level 2 of the Dungeon.
             The game lasted 00:03:42 (1059 turns).

Enroth the Shield-Bearer (Formicid Fighter)         Turns: 1059, Time: 00:03:42

Health: -1/29      AC:  7    Str: 21    XL:     3   Next: 52%
Magic:  3/3        EV:  8    Int:  7    God:
Gold:   115        SH:  9    Dex: 10    Spells: 0 memorised, 2 levels left

rFire  . . .     SeeInvis +     a - +0 flail
rCold  . . .     Clarity  .     b - +0 scale mail
rNeg   . . .     SustAt   .     c - +0 shield
rPois  .         Gourm    .     (helmet unavailable)
rElec  .         Spirit   .     (no cloak)
rCorr  .         Warding  .     (no gloves)
rMut   .         Stasis   +     (no boots)
MR     .....                    (no amulet)
Stlth  ..........               (no ring)
                                (no ring)

@: not resistant to hostile enchantments, extremely unstealthy
A: permanent stasis, dig shafts and tunnels, four strong arms, antennae 3
a: Dig, Shaft Self


You were on level 2 of the Dungeon.
You were not hungry.

You visited 1 branch of the dungeon, and saw 2 of its levels.

You collected 115 gold pieces.

Inventory:

Hand weapons
 a - a +0 flail (weapon)
Armour
 b - a +0 scale mail (worn)
 c - a +0 shield (worn)
Scrolls
 f - 4 scrolls of remove curse {unknown}
 g - a scroll of fog {unknown}
 i - a scroll of amnesia {unknown}
 k - a scroll of identify {unknown}
 m - a scroll of magic mapping {unknown}
 n - a scroll of fear {unknown}
Potions
 d - 2 potions of might
 h - a potion of magic {unknown}
 j - a potion of heal wounds {unknown}
 l - a potion of curing {unknown}
Comestibles
 e - a bread ration


   Skills:
 + Level 3.5 Fighting
 + Level 2.0 Maces & Flails
 + Level 3.7 Armour
 + Level 0.6 Dodging
 + Level 0.3 Stealth
 + Level 4.2 Shields


You had 2 spell levels left.
You didn't know any spells.

Dungeon Overview and Level Annotations

Branches:
Dungeon (2/15)

Altars:

Annotations:
D:2 Ijyb, Jessica


Innate Abilities, Weirdness & Mutations

You are under a permanent stasis effect.
You can dig through walls and to a lower floor.
Your four strong arms can wield two-handed weapons with a shield.
You have a pair of large antennae on your head (SInv).


Message History

You now have 115 gold pieces (gained 10).
Found an escape hatch in the ceiling.
There is an escape hatch in the ceiling here.
f - 4 scrolls labeled SUIVOGEMOU (gained 2) Jessica the Apprentice Sorceress comes into view.
She is wielding a club.
Jessica shouts!
Ijyb the Twisted Goblin comes into view.
He is wielding an enchanted club.
Ijyb shouts!
You barely miss Ijyb. Ijyb hits you with an enchanted club.
You barely miss Ijyb. You block Ijyb's attack.
You hit Ijyb.
Ijyb is moderately wounded.
Ijyb hits you with an enchanted club!
You miss Ijyb.
Ijyb is moderately wounded.
Ijyb hits you with an enchanted club. x2
You closely miss Ijyb.
Ijyb is moderately wounded.
Ijyb hits you with an enchanted club!
You die...

.# #.######### .#
#.# ###@.... ## #.#
#.#### #########.#
.# #.........# .#
#.#####.### .#
#.........## ##.#
#.##.##.##.###....##
# #.##..@g.....#
..####.###.#.# ##.#
### #.# ..# # ### #
#


You could see Ijyb.

Vanquished Creatures
  A worm (D:2)
  A giant gecko (D:1)
  2 bats (D:1)
  6 giant cockroaches
  2 goblins
  2 hobgoblins (D:1)
  A quokka (D:2)
  2 ball pythons
  A giant newt (D:1)
  4 kobolds (D:2)
  9 rats (D:1)
31 creatures vanquished.

Notes
Turn   | Place    | Note
--------------------------------------------------------------
     0 | D:1      | Enroth the Formicid Fighter began the quest for the Orb.
     0 | D:1      | Reached XP level 1. HP: 18/18 MP: 1/1
   147 | D:1      | Reached XP level 2. HP: 21/24 MP: 2/2
   660 | D:1      | Reached skill level 4 in Shields
   728 | D:2      | Reached XP level 3. HP: 26/29 MP: 3/3
  1037 | D:2      | Noticed Jessica
  1052 | D:2      | Noticed Ijyb
  1059 | D:2      | Slain by Ijyb

Vault maps used:
D:1:      dpeg_arrival_ratfight
D:2:      serial_co_window_serial, co_window_of_opportunity_a,
          co_window_of_opportunity_a, co_window_corner_a,
          co_window_of_opportunity_a, co_window_corner_a,
          co_window_of_opportunity_a, co_window_2corner, co_window_corner_b,
          co_window_broadway_a, co_window_4corner_a, co_window_paths_e,
          glass_columns_b, glass_columns_b, okawaru_metal_pillars_1_2,
          uniq_iyjb, uniq_jessica

Action                   || total
-------------------------++-------
Melee: Flail             ||   122
  Eat: Chunk             ||     1
